 Dungeon Crawl Stone Soup version 0.30.1-4-g462c640d31 (webtiles) character file.

Game seed: 15297471440723177236

133 monsoonserge the Cudgeller (level 4, -8/30 (34) HPs)
             Began as a Demonspawn Reaver on Sept 12, 2023.
             Mangled by Robin
             ... wielding a +6 short sword of holy wrath
              (11 damage)
             ... on level 3 of the Dungeon.
             The game lasted 00:05:33 (2314 turns).

monsoonserge the Cudgeller (Demonspawn Reaver)      Turns: 2314, Time: 00:05:34

HP:   -8/30 (34)    AC:  8    Str: 14    XL:     4   Next: 94%
MP:   7/7           EV:  9    Int: 15    God:
Gold: 67            SH:  0    Dex: 11    Spells: 6/7 levels left

rFire   . . .        a - +0 mace
rCold   . . .        (no shield)
rNeg    . . .        r - +0 scale mail
rPois   .            (helmet restricted)
rElec   .            x - +0 cloak
rCorr   +            (no gloves)
SInv    .            i - +0 pair of boots
Will    .....        (no amulet) Stlth
                     p - ring of resist corrosion
HPRegen 0.25/turn    (no ring)
MPRegen 0.10/turn

%: no passive effects
@: heavily drained
A: horns 1
a: no special abilities


You were on level 3 of the Dungeon.
You visited 1 branch of the dungeon, and saw 3 of its levels.

You collected 67 gold pieces.

Inventory:

Hand Weapons
 a - a +0 mace (weapon)
 t - a +1 dagger of flaming
 w - a +0 spectral club
Missiles
 e - 6 silver javelins
 s - 3 poisoned darts
Armour
 c - a +0 leather armour
 d - a +0 ring mail
 i - a +0 pair of boots (worn)
 r - a +0 scale mail (worn)
 x - a +0 cloak (worn)
Magical Staves
 j - a staff of earth
Jewellery
 p - a ring of resist corrosion (left hand)
Wands
 u - a wand of flame (5)
Scrolls
 f - 2 scrolls of identify {unknown}
 h - a scroll of immolation {unknown}
 k - a scroll of enchant armour {unknown}
 o - a scroll of poison {unknown}
Potions
 g - 2 potions of heal wounds {unknown}
 l - a potion of curing {unknown}
 m - a potion of degeneration {unknown}
 n - a potion of invisibility {unknown}
 q - a potion of attraction {unknown}
 v - a potion of brilliance {unknown}


   Skills:
 + Level 2.4 Fighting
 + Level 4.0 Maces & Flails
 * Level 2.2 Armour
 + Level 2.0 Dodging
 - Level 2.0 Spellcasting
 - Level 3.0 Conjurations
 - Level 1.0 Necromancy


You had 6 spell levels left.
You knew the following spells:

 Your Spells              Type           Power      Damage    Failure   Level
a - Kiss of Death         Conj/Necr      28%        2d7       38%         1

Your spell library contained the following spells:

 Spells                   Type           Power      Damage    Failure   Level
 Momentum Strike          Conj/Tloc      12%        3d8       58%         2
 Hailstorm                Conj/Ice       6%         3d4       83%         3
 Simulacrum               Ice/Necr       1%         N/A       100%        6
 Ozocubu's Refrigeration  Ice            0%         4d7       100%        7
 Polar Vortex             Ice            0%         N/A       100%        9


Dungeon Overview and Level Annotations

Branches:
Dungeon (3/15)

Altars:
Ashenzari

Annotations:
D:3 Robin


Innate Abilities, Weirdness & Mutations

You have a pair of small horns on your head.


Message History

The goblin is severely wounded.
The goblin hits you with a +0 vampiric dagger.
You hit the goblin.
You kill the goblin!
You thump the hobgoblin!
You kill the hobgoblin!
The goblin unwields a +0 club.
The goblin wields a +0 sling.
The goblin shoots a sling bullet.
The sling bullet hits you but does no damage.
The goblin unwields a +0 sling.
The goblin wields a +0 club.
The goblin barely misses you.
Items here: )) ††.
You hit the goblin.
You kill the goblin!
You hit the goblin.
The goblin is almost dead.
The goblin hits you with a +0 dagger. The goblin hits you but does no damage.
You hit the goblin.
You kill the goblin!
Your Maces & Flails skill increases to level 4!
You barely miss the hobgoblin.
The hobgoblin hits you but does no damage.
You closely miss the hobgoblin. The hobgoblin barely misses you.
You closely miss the hobgoblin. You headbutt the hobgoblin.
The hobgoblin is severely wounded.
The hobgoblin barely misses you.
You hit the hobgoblin.
You kill the hobgoblin!
Robin roars a battlecry!
The hobgoblins go into a battle-frenzy!
You sock Robin!
Robin is heavily wounded.
Robin hits you with a +6 short sword of holy wrath!
You convulse!
You hit Robin. You headbutt Robin.
Robin is almost dead.
Robin hits you with a +6 short sword of holy wrath!
* * * LOW HITPOINT WARNING * * *
You convulse!
You die...

#....g.g.##.
#....#gg....
#..g.g....#
#.....# #g.####
.#.# #..####
.#.# #.g.gg#
.#<#
#.####..##g# ...
#(......##@# ..#
...####.##.##..#
# #.##.#...#
#.##.#...###
#.....†....#
####.#..##.# #.#
#.#..##.### #.#
#.#.......# #.#
#<#.......##


You could see Robin and 2 hobgoblins.

Vanquished Creatures
  Terence (D:2)
  Ijyb (D:3)
  An adder (D:2)
  2 dart slugs (D:1)
  3 bats
  8 endoplasms
  4 giant cockroaches
  11 goblins
  6 hobgoblins
  2 jackals (D:2)
  5 quokkas
  6 ball pythons
  3 frilled lizards (D:1)
  5 kobolds
  7 rats
65 creatures vanquished.

Notes
Turn   | Place    | Note
-------+----------+-------------------------------------------
     0 | D:1      | monsoonserge the Demonspawn Reaver began the quest for the
                  | Orb.
     0 | D:1      | Reached XP level 1. HP: 16/16 MP: 3/3
   115 | D:1      | Reached skill level 3 in Maces & Flails
   115 | D:1      | Gained mutation: You have a pair of small horns on your
                  | head. [demonic ancestry]
   115 | D:1      | Reached XP level 2. HP: 18/22 MP: 5/5
   226 | D:1      | Reached skill level 1 in Necromancy
   325 | D:1      | Found a broken altar of Ashenzari.
   401 | D:1      | Reached XP level 3. HP: 27/27 MP: 6/6
   406 | D:1      | Reached skill level 1 in Armour
  1195 | D:2      | Noticed Terence
  1210 | D:2      | Killed Terence
  1211 | D:2      | Reached XP level 4. HP: 28/34 MP: 7/7
  2144 | D:3      | Noticed Ijyb
  2152 | D:3      | Killed Ijyb
  2288 | D:3      | Noticed Robin
  2309 | D:3      | Reached skill level 4 in Maces & Flails
  2314 | D:3      | Mangled by Robin

Illustrated notes

Levels and vault maps discovered:
D:1:      dpeg_arrival_refuge, layout_basic, dreamdust_princess_bridge,
          dreamdust_mushroom_princess, minmay_hexomino_r4
D:2:      layout_basic, kennysheep_nub, uniq_terence
D:3:      layout_loops_ring, lemuel_crystal_altar,
          hellmonk_ecumenical_altar_lost_god, uniq_robin, uniq_ijyb

Skill      XL: |  1  2  3  4 |
---------------+-------------+-----
Maces & Flails | 3 4 |  4.0
Dodging        | 2 |  2.0
Necromancy     | 1 |  1.0
Armour         | 1 2 |  2.2
Fighting       | |  2.4
Spellcasting   | |  2.0
Conjurations   | |  3.0

Action                     |  1- 3 |  4- 6 || total
---------------------------+-------+-------++-------
  Melee: Mace              |   149 |    62 ||   211
         Headbutt          |    20 |    14 ||    34
   Cast: Kiss of Death     |       |     1 ||     1
 Armour: Ring mail         |    72 |     5 ||    77
         Leather armour    |     1 |       ||     1
         Scale mail        |       |    16 ||    16
  Dodge: Dodged            |    96 |    38 ||   134
